Map: [ESL] Waterfall

Players

Ranger

  • Race: Protoss Protoss
  • Spawn Location: 1:00

MeomaikA - Winner!

  • Race: Zerg Zerg
  • Spawn Location: 7:00

Event: DreamHack SC2 Masters 2022 Atlanta (Online)

VOD

Have the link to the VOD?

Description

Time

  • Played on: Oct. 1, 2022, 6:08 a.m.
  • Length: 8:12

All games in this series

Show
View Real Time Build Order
Export as new Build Order

Ranger Protoss 

Build Orders: 1 Gate Expand, Mass Adepts 

Get SALT Encoding   

  12  0:00  Probe  
  13  0:12  Probe  
  14  0:18  Pylon  
  14  0:24  Probe (Chrono Boost)  
  15  0:37  Probe (Chrono Boost)  
  15  0:38  Gateway  
  16  0:45  Probe (Chrono Boost)  
  16  0:47  Assimilator  
  17  0:51  Probe  
  18  1:03  Probe  
  19  1:18  Probe  
  19  1:25  Cybernetics Core  
  20  1:33  Nexus  
  20  1:38  Probe  
  21  1:43  Pylon  
  21  1:49  Assimilator  
  21  1:52  Probe  
  22  1:59  Adept (Chrono Boost)  
  22  2:04  Probe (Chrono Boost)  
  25  2:10  Warp Gate  
  26  2:16  Probe (Chrono Boost)  
  26  2:21  Adept  
  28  2:23  Probe (Chrono Boost)  
  28  2:34  Probe  
  28  2:48  Probe (Chrono Boost)  
  28  2:49  Twilight Council  
  28  2:51  Probe (Chrono Boost)  
  30  2:57  Probe (Chrono Boost)  
  30  2:58  Stalker  
  34  3:00  Probe (Chrono Boost)  
  34  3:02  Probe (Chrono Boost)  
  35  3:10  Probe  
  35  3:11  Gateway  
  36  3:14  Probe  
  37  3:22  Probe  
  37  3:26  Resonating Glaives (Chrono Boost)  
  37  3:27  Probe  
  39  3:30  Adept  
  37  3:35  Probe  
  37  3:36  Gateway  
  38  3:44  Gateway, Probe  
  39  3:50  Robotics Facility  
  39  3:53  Probe  
  40  3:57  Pylon  
  40  4:03  Probe  
  40  4:05  Adept, Probe  
  40  4:07  Adept  
  46  4:11  Pylon  
  46  4:15  Pylon  
  46  4:29  Nexus, Sentry  
  48  4:32  Pylon  
  48  4:35  Adept  
  48  4:38  Adept, Observer  
  51  4:45  Adept  
  55  4:48  Probe  
  55  4:49  Shield Battery, Probe  
  57  4:54  Adept  
  57  4:55  Adept  
  61  5:00  Adept  
  61  5:03  Shield Battery  
  63  5:07  Adept  
  63  5:10  Pylon  
  63  5:11  Probe  
  63  5:12  Probe  
  67  5:17  Adept x2  
  63  5:23  Pylon  
  63  5:25  Adept  
  65  5:33  Adept  
  67  5:39  Adept x2  
  70  5:43  Probe x2 (Chrono Boost)  
  70  5:44  Probe (Chrono Boost)  
  70  5:48  Forge  
  70  5:49  Pylon  
  72  5:53  Probe (Chrono Boost)  
  72  5:54  Probe (Chrono Boost)  
  72  5:56  Adept x2  
  76  6:08  Adept x2, Probe  
  76  6:09  Probe x2  
  64  6:21  Adept x2, Probe x3  
  67  6:27  Gateway  
  67  6:28  Gateway  
  67  6:29  Charge (Chrono Boost)  
  67  6:32  Zealot x2  
  67  6:36  Probe x2  
  73  6:42  Stalker  
  71  6:54  Zealot x3  
  71  7:01  Gateway, Probe  
  78  7:03  Gateway  
  78  7:05  Gateway  
  78  7:07  Gateway  
  78  7:13  Zealot  
  78  7:14  Zealot x3  
  78  7:20  Shield Battery  
  78  7:22  Zealot  
  78  7:30  Robotics Facility  
  74  7:39  Zealot x5  
  74  7:42  Zealot  
  65  7:56  Zealot x2  
  65  7:57  Probe x3  
Show
View Real Time Build Order
Export as new Build Order

MeomaikA Zerg - Winner!

Build Orders: Pool First 

Get SALT Encoding   

  12  0:00  Drone  
  13  0:12  Overlord  
  13  0:16  Drone  
  14  0:30  Drone x2  
  14  0:34  Drone  
  17  0:44  Spawning Pool  
  17  0:48  Drone  
  17  1:04  Drone  
  18  1:14  Hatchery  
  18  1:15  Drone  
  18  1:17  Extractor  
  17  1:30  Zergling x4, Queen  
  21  1:39  Drone  
  22  1:49  Overlord  
  22  2:07  Queen, Drone  
  25  2:11  Drone  
  26  2:17  Metabolic Boost  
  26  2:21  Drone  
  27  2:26  Drone  
  28  2:32  Drone  
  28  2:34  Queen  
  29  2:37  Drone  
  29  2:40  Drone x2  
  29  2:41  Drone  
  33  2:45  Drone  
  33  2:48  Overlord  
  34  2:56  Zergling x2  
  34  2:58  Zergling x2  
  36  3:08  Hatchery  
  36  3:10  Drone  
  36  3:13  Drone  
  36  3:14  Drone  
  36  3:16  Drone  
  39  3:21  Spore Crawler  
  39  3:25  Drone x2  
  36  3:29  Drone  
  36  3:34  Spore Crawler  
  35  3:36  Drone  
  35  3:38  Drone  
  35  3:40  Drone  
  38  3:43  Drone  
  39  3:50  Lair  
  39  3:52  Extractor  
  39  3:54  Drone  
  39  3:55  Drone  
  40  3:58  Drone  
  40  4:01  Drone  
  41  4:03  Drone  
  41  4:07  Drone  
  41  4:09  Drone  
  43  4:17  Overlord  
  43  4:18  Overlord x2  
  43  4:24  Zergling x4  
  43  4:25  Zergling x4  
  43  4:26  Zergling x2  
  43  4:30  Zergling x2  
  49  4:32  Overlord  
  49  4:39  Zergling x2  
  49  4:40  Zergling x8  
  49  4:44  Drone x2  
  56  4:48  Hydralisk Den  
  56  4:50  Zergling x4  
  57  4:53  Drone  
  57  4:56  Drone x2  
  60  5:01  Overlord  
  60  5:13  Drone  
  60  5:14  Drone  
  59  5:16  Drone x2  
  59  5:17  Drone x2  
  59  5:18  Drone  
  59  5:20  Hydralisk  
  59  5:21  Muscular Augments, Hydralisk  
  61  5:22  Drone  
  61  5:23  Drone  
  61  5:27  Hydralisk  
  67  5:28  Drone  
  67  5:30  Hydralisk  
  67  5:32  Overseer  
  70  5:38  Hydralisk x2  
  70  5:41  Zergling x2  
  74  5:43  Zergling x4  
  74  5:45  Hydralisk  
  74  5:46  Zergling x2  
  74  5:47  Zergling x2  
  74  5:48  Zergling x2  
  81  5:50  Zergling x2  
  81  5:52  Zergling x4  
  81  5:53  Zergling x2  
  81  5:54  Zergling x2  
  81  5:55  Zergling x2  
  81  5:56  Zergling x2  
  87  5:57  Zergling x2  
  87  5:58  Zergling x2  
  87  5:59  Zergling x2  
  89  6:04  Zergling x2  
  89  6:05  Zergling x2  
  89  6:10  Zergling x2  
  82  6:12  Zergling x2  
  82  6:13  Zergling x4  
  82  6:18  Zergling x2  
  80  6:22  Overlord  
  80  6:24  Overlord  
  79  6:26  Zergling x6, Overlord  
  79  6:29  Zergling x4, Hatchery, Evolution Chamber  
  82  6:36  Overlord  
  81  6:50  Hydralisk x5  
  81  6:51  Zergling x4  
  81  6:53  Grooved Spines  
  91  6:57  Zergling x4  
  91  6:58  Zergling x4  
  91  6:59  Zergling x2  
  91  7:00  Zergling x2  
  96  7:01  Zergling x2  
  96  7:03  Zergling x2  
  96  7:04  Zergling x2  
  96  7:06  Zergling x2  
  96  7:07  Zergling x2  
  101  7:10  Zergling x6  
  101  7:12  Zergling x2  
  96  7:21  Hydralisk x2  
  100  7:23  Zergling x2  
  100  7:26  Hydralisk  
  100  7:27  Zergling x8  
  100  7:28  Zergling x2  
  108  7:35  Overlord x2  
  108  7:36  Overseer  
  108  7:37  Zergling x4  
  104  7:41  Zergling x4  
  104  7:42  Zergling x4  
  104  7:45  Zergling x2  
  104  7:49  Zergling x2  
  98  7:51  Zergling x2  
  98  7:53  Zergling x2  
Tags
 
Add a new tag
Caveats
  • Supply blocks, unpowered buildings, or Contaminate may cause inaccurate times.
  • Supply counts are checked every 10 seconds.